 Dungeon Crawl Stone Soup version 0.32-a0-42-ga30500b (webtiles) character file.

Game seed: 1509383619892789511

7547 Dorkslayer the Grappler (level 11, -18/70 (72) HPs)
             Began as an Octopode Fighter on Feb 1, 2024.
             Was a Follower of Dithmenos.
             Demolished by a guardian mummy (30 damage)
             ... on level 10 of the Dungeon.
             The game lasted 00:24:12 (7545 turns).

Dorkslayer the Grappler (Octopode Fighter)          Turns: 7545, Time: 00:24:13

HP:   -18/70 (72)   AC:  1    Str: 20    XL:     11   Next: 17%
MP:   20/20         EV: 16    Int: 11    God:    Dithmenos [*.....]
Gold: 230           SH:  7    Dex: 17    Spells: 10/10 levels left

rFire   . . .        p - +0 mace (holy)
rCold   . . .        a - +1 buckler
rNeg    . . .        (helmet restricted)
rPois   +            l - amulet of regeneration
rElec   .            e - +6 ring of dexterity
rCorr   .            t - ring of magical power
SInv    .            k - ring of poison resistance
Will    .....        (no ring)
Stlth   +++++        (no ring)
HPRegen 1.11/turn    (no ring)
MPRegen 0.17/turn    (no ring)
                     (no ring)

%: no passive effects
@: wreathed by umbra, lightly drained
A: almost no armour, amphibious, 8 rings, camouflage 1, gelatinous body 1,
(nimble swimmer 1), tentacles
a: Renounce Religion


You were on level 10 of the Dungeon.
You worshipped Dithmenos.
Dithmenos was aware of your devotion.
You visited 1 branch of the dungeon, and saw 10 of its levels.
You also visited: Sewer.

You collected 629 gold pieces.
You spent 399 gold pieces at shops.

Inventory:

Hand Weapons
 n - a +0 broad axe
 p - a +0 mace of holy wrath (weapon)
 r - a +5 mace of freezing
Missiles
 c - 6 boomerangs
 u - 3 javelins (quivered)
 w - 5 darts of dispersal
Armour
 a - a +1 buckler (worn)
Jewellery
 e - a +6 ring of dexterity (left tentacle)
 k - a ring of poison resistance (on tentacle)
 l - an amulet of regeneration (around mantle)
 t - a ring of magical power (right tentacle)
Talismans
 q - the maw talisman of Dishonesty {rF+ Will- rCorr Int+2}
   (You found it on level 8 of the Dungeon)

   [maw talisman]

   Int+2:     It affects your intelligence (+2).
   rF+:       It protects you from fire.
   Will-:     It decreases your willpower.
   rCorr:     It protects you from acid and corrosion.
 y - a flux talisman
Wands
 g - a wand of polymorph (10)
 o - a wand of charming (7)
 A - a wand of flame (14)
 C - a wand of mindburst (8)
Scrolls
 d - 2 scrolls of revelation
 f - a scroll of teleportation
 s - 2 scrolls of enchant armour
 z - a scroll of enchant weapon
 E - a scroll of identify
Potions
 b - a potion of berserk rage
 h - 2 potions of curing
 i - a potion of invisibility
 j - a potion of resistance
 m - a potion of enlightenment
 x - a potion of brilliance


   Skills:
 * Level 6.0 Fighting
 + Level 4.5 Maces & Flails
 + Level 3.2 Throwing
 + Level 6.4 Dodging
 + Level 6.5 Stealth
 + Level 5.4 Shields
 + Level 9.8 Unarmed Combat
 * Level 6.0 Evocations
 * Level 4.4 Shapeshifting


You had 10 spell levels left.
You didn't know any spells.
Your spell library contained the following spells:

 Spells                   Type           Power      Damage    Failure   Level
 Apportation              Tloc           0%         N/A       41%         1
 Blink                    Tloc           0%         N/A       54%         2
 Jinxbite                 Hex            0%         N/A       54%         2
 Lesser Beckoning         Tloc           0%         N/A       54%         2
 Momentum Strike          Conj/Tloc      0%         3d8       54%         2
 Hailstorm                Conj/Ice       0%         3d5       78%         3
 Summon Ice Beast         Ice/Summ       0%         N/A       78%         3
 Alistair's Intoxication  Alch           0%         N/A       100%        5
 Sculpt Simulacrum        Ice/Alch       0%         N/A       100%        6


Dungeon Overview and Level Annotations

Branches:
Dungeon (10/15)            Temple (0/1) D:4            Lair (0/5) D:10
  Sewer (visited)
    Orc: D:9-12

Altars:
Cheibriados
Dithmenos
Fedhas
Hepliaklqana
Qazlal
Ru
Trog
Wu Jian
Xom
Yredelemnul

Shops:
D:2 *   D:4 =   D:10 *

Portals:
Trove: D:10 (give 11 potions of heal wounds)


Innate Abilities, Weirdness & Mutations

You cannot wear most types of armour.
You are amphibious.
You can wear up to eight rings at the same time.
Your skin changes colour to match your surroundings (Stealth+).
Your rubbery body absorbs attacks. (AC +1, EV +1)
((You are camouflaged when in or above water. (Stealth+)))
You have tentacles for arms and can constrict up to eight enemies at once.


Message History

You hit the guardian mummy.
The guardian mummy convulses.
The guardian mummy is severely damaged.
The guardian mummy hits you! You block the guardian mummy's attack.
You hit the guardian mummy.
The guardian mummy convulses.
You squeeze the guardian mummy.
You destroy the guardian mummy!
Dithmenos accepts your kill.
You feel extremely nervous for a moment...
You are engulfed in negative energy!
You feel drained. The guardian mummy misses you.
Your Fighting skill increases to level 6!
Your Evocations skill increases to level 6!
You hit the guardian mummy.
The guardian mummy convulses.
You squeeze the guardian mummy, but do no damage.
The guardian mummy is lightly damaged.
The guardian mummy closely misses you.
You barely miss the guardian mummy. Your squeeze misses the guardian mummy.
The guardian mummy is lightly damaged.
The guardian mummy hits you!
You sock the guardian mummy!
The guardian mummy convulses.
The guardian mummy is moderately damaged.
The guardian mummy closely misses you.
You hit the guardian mummy.
The guardian mummy convulses.
You squeeze the guardian mummy!
The guardian mummy is severely damaged.
The guardian mummy misses you.
You barely miss the guardian mummy. You squeeze the guardian mummy.
The guardian mummy is severely damaged.
You block the guardian mummy's attack.
You closely miss the guardian mummy. You tentacle-slap the guardian mummy.
The guardian mummy is almost destroyed.
The guardian mummy hits you!!
* * * LOW HITPOINT WARNING * * *
You closely miss the guardian mummy.
The guardian mummy is almost destroyed.
You block the guardian mummy's attack.
You hit the guardian mummy.
The guardian mummy convulses.
The guardian mummy is almost destroyed.
The guardian mummy hits you!!
You die...

....#...........#.####
...###..........<....# .###
###.............#
..#####.......#......#
.............#####..#####
####
.......).#####?$$##.....###
#... .>......##
##.....#####...####...
........#
#.!8.8..#.####........
........#
#∩...@..'..########.<.
.......##
#..8M8..##............
..#...##
##.....############...
####### ##$$$## #... #####
#... #... ####


You could see a guardian mummy.

Vanquished Creatures
  A two-headed ogre (D:8)
  Sonja (D:10)
  An unseen horror (D:10)
  A guardian mummy (D:10)
  3 hornets
  A wraith (D:9)
  10 yaks (D:10)
  A steam dragon (D:8)
  An acid dragon (D:10)
  2 water moccasins
  Pargi (Sewer)
  An orc warrior (D:8)
  2 sky beasts
  An ice beast (D:7)
  An ogre (D:5)
  3 centaurs
  2 phantoms (D:5)
  4 kobold brigands
  A bullfrog (D:9)
  A brain worm (Sewer)
  6 scorpions
  3 wights (D:5)
  15 killer bees
  A bombardier beetle (D:4)
  5 orc priests
  2 hounds
  A jelly (D:6)
  A sleepcap (D:4)
  Jessica (D:2)
  2 iguanas
  Ijyb (D:5)
  2 orc wizards
  Robin (D:2)
  5 adders
  A shadow imp (D:6)
  A white imp (D:6)
  2 ufetubi (D:7)
  3 ribbon worms
  16 orcs
  7 bats
  5 endoplasms
  5 giant cockroaches
  14 goblins
  10 hobgoblins
  8 jackals
  21 kobolds
  2 quokkas
  8 ball pythons
  4 frilled lizards
  10 rats
202 creatures vanquished.

Vanquished Creatures (collateral kills)
  An ice beast (D:7)
  3 killer bees
  An orc priest (D:7)
  2 orcs (D:7)
  A kobold (D:8)
8 creatures vanquished.

Vanquished Creatures (others)
  A wyvern (D:7)
  A killer bee (D:7)
2 creatures vanquished.

Grand Total: 212 creatures vanquished

Notes
Turn   | Place    | Note
-------+----------+-------------------------------------------
     0 | D:1      | Dorkslayer the Octopode Fighter began the quest for the
                  | Orb.
     0 | D:1      | Reached XP level 1. HP: 16/16 MP: 1/1
   159 | D:1      | Reached XP level 2. HP: 21/21 MP: 2/2
   777 | D:2      | Noticed Jessica
   784 | D:2      | Killed Jessica
   785 | D:2      | Reached skill level 1 in Stealth
   785 | D:2      | Reached XP level 3. HP: 26/26 MP: 3/3
   897 | D:2      | Reached XP level 4. HP: 28/31 MP: 4/4
   969 | D:2      | Noticed Robin
   986 | D:2      | Reached skill level 3 in Unarmed Combat
   990 | D:2      | Killed Robin
   990 | D:2      | HP: 2/46 [goblin/+0 dagger[Robin] (6)]
  1319 | D:2      | Found Nahytureh's Assorted Antiques.
  1341 | D:2      | Bought a dented sapphire amulet for 85 gold pieces
  1341 | D:2      | Bought a scroll labelled FUUV KEUTACUG for 17 gold pieces
  1341 | D:2      | Bought a scroll labelled QUAPRE LIETYBBI for 17 gold pieces
  1595 | D:3      | Reached XP level 5. HP: 36/36 MP: 5/5
  1598 | D:3      | Found a shimmering altar of Xom.
  2043 | D:4      | Identified the +1 ring mail "Daetwuc" {Int+2}
  2077 | D:4      | Reached skill level 4 in Unarmed Combat
  2114 | D:4      | Found a staircase to the Ecumenical Temple.
  2164 | D:4      | Found a glowing drain.
  2181 | Sewer    | Entered a sewer
  2218 | Sewer    | Reached XP level 6. HP: 35/42 MP: 6/6
  2219 | Sewer    | Noticed Pargi
  2234 | Sewer    | Killed Pargi
  2235 | Sewer    | Reached skill level 5 in Unarmed Combat
  2547 | D:4      | Found Eten's Jewellery Emporium.
  2728 | D:3      | Found a snail-covered altar of Cheibriados.
  2879 | D:4      | Reached XP level 7. HP: 29/46 MP: 7/7
  2912 | D:4      | Found a stormy altar of Qazlal.
  3119 | D:5      | Entered Level 5 of the Dungeon
  3138 | D:5      | Reached skill level 1 in Evocations
  3156 | D:5      | Reached skill level 6 in Unarmed Combat
  3239 | D:5      | Noticed Ijyb
  3252 | D:5      | Killed Ijyb
  3255 | D:5      | Reached XP level 8. HP: 40/53 MP: 8/8
  3300 | D:5      | Found a blossoming altar of Fedhas.
  3382 | D:5      | Reached skill level 7 in Unarmed Combat
  3592 | D:5      | Found a sacrificial altar of Ru.
  3769 | D:6      | Reached skill level 1 in Throwing
  3913 | D:6      | Reached skill level 8 in Unarmed Combat
  4021 | D:6      | Reached skill level 1 in Maces & Flails
  4148 | D:6      | Identified the +1 ring mail of Qocaq {rN+ Str+4}
  4256 | D:6      | Found a shadowy altar of Dithmenos.
  4263 | D:6      | Reached XP level 9. HP: 50/58 MP: 9/9
  4264 | D:6      | Became a worshipper of Dithmenos the Shadowed
  4443 | D:7      | Reached skill level 5 in Stealth
  4614 | D:7      | Reached skill level 9 in Unarmed Combat
  5128 | D:8      | Found a basalt altar of Yredelemnul.
  5134 | D:8      | Noticed a two-headed ogre
  5140 | D:8      | Reached skill level 5 in Dodging
  5140 | D:8      | Reached skill level 1 in Shapeshifting
  5157 | D:8      | Identified the maw talisman of Dishonesty {rF+ Will- rCorr
                  | Int+2}
  5166 | D:8      | Killed a two-headed ogre
  5320 | D:8      | Reached * piety under Dithmenos
  5324 | D:8      | Reached XP level 10. HP: 52/65 MP: 10/10
  5750 | D:8      | Found a bloodstained altar of Trog.
  5750 | D:8      | Found an ornate altar of the Wu Jian Council.
  5859 | D:9      | Found a hazy altar of Hepliaklqana.
  5932 | D:9      | Paralysed by a hornet for 3 turns
  5937 | D:9      | Reached skill level 5 in Shields
  6175 | D:9      | Reached skill level 5 in Fighting
  6370 | D:9      | Reached skill level 5 in Evocations
  6433 | D:9      | Paralysed by a hornet for 3 turns
  6664 | D:10     | Entered Level 10 of the Dungeon
  6725 | D:10     | Noticed Sonja
  6727 | D:10     | Killed Sonja
  6801 | D:10     | Found a staircase to the Lair.
  6843 | D:10     | Found Ycroudd's Neck Hole.
  7029 | D:10     | Reached XP level 11. HP: 54/72 MP: 11/11
  7380 | D:4      | Bought a ring of poison resistance for 280 gold pieces
  7526 | D:10     | Found a portal to a secret trove of treasure.
  7545 | D:10     | Demolished by a guardian mummy

Illustrated notes

Levels and vault maps discovered:
D:1:      minmay_arrival_doors, layout_rooms, serial_bayou,
          serial_bayou_shore_b, serial_bayou_pond_e, serial_bayou_pond_c,
          serial_bayou_lagoon_a, nicolae_kite_square_tiling_tiny,
          hangedman_decor_points, minmay_cut_off
D:2:      layout_basic, serial_shops, shop, uniq_jessica, uniq_robin
D:3:      layout_basic, cheibrodos_worm_habitat, mainiacjoe_overflow_brackets
D:4:      layout_basic, mainiacjoe_overflow_small_starburst,
          minmay_temple_entry_statues, serial_glass, glass_columns_b,
          glass_columns_a, glass_columns_a, glass_columns_c, glass_columns_b,
          glass_columns_c, glass_columns_b, glass_columns_a,
          portal_sewer_entry_e, serial_shops, shop
D:5:      layout_rooms, mainiacjoe_overflow_alcove_2, lemuel_tele_altar,
          uniq_ijyb
D:6:      lemuel_ice_spiral_2, layout_basic, kennysheep_little_box
D:7:      layout_basic
D:8:      layout_rooms, gammafunk_temple_overflow_wave, lemuel_crystal_altar,
          serial_curves, eino_curves_03, eino_curves_04
D:9:      layout_long_grid, mainiacjoe_overflow_surrounded_room
D:10:     layout_rooms, lair_entry_dummy, nicolae_trove_entry_path_of_doom,
          nicolae_shop_sticking_my_neck_out, uniq_sonja

Skill      XL: |  1  2  3  4  5  6  7  8  9 10 11 |
---------------+----------------------------------+-----
Stealth        | 1 2 3 4 6 |  6.5
Unarmed Combat | 3 4 5 6 8 9 |  9.8
Dodging        | 4 5 6 |  6.4
Evocations     | 1 3 4 5 6 |  6.0
Shields        | 4 5 |  5.4
Throwing       | 1 3 |  3.2
Maces & Flails | 1 4 |  4.5
Fighting       | 4 5 6 |  6.0
Shapeshifting  | 2 4 |  4.4

Action                     |  1- 3 |  4- 6 |  7- 9 | 10-12 || total
---------------------------+-------+-------+-------+-------++-------
  Melee: Unarmed           |    64 |   116 |   167 |    30 ||   377
         Constrict         |    15 |    33 |    40 |    24 ||   112
         Tentacles         |    10 |    27 |    44 |    36 ||   117
         Punch             |       |       |    15 |    14 ||    29
         Mace              |       |       |    31 |   123 ||   154
  Throw: Boomerang         |       |       |    24 |       ||    24
         Dart              |       |       |       |    19 ||    19
         Javelin           |       |       |       |    11 ||    11
  Evoke: Wand              |       |       |     5 |     7 ||    12
    Use: Scroll            |       |     9 |     7 |     6 ||    22
         Potion            |       |     4 |     2 |     8 ||    14
   Stab: Sleeping          |     5 |     6 |     9 |     1 ||    21
         Distracted        |       |       |     1 |       ||     1
         Invisible         |       |       |       |     2 ||     2
 Armour: Skin              |    15 |    54 |    80 |    86 ||   235
  Dodge: Dodged            |    35 |    94 |   135 |   122 ||   386
  Block: Buckler           |    12 |    42 |    57 |    49 ||   160

Table legend: (Time is in decaauts)
 A = Elapsed time spent in this place.
 B = Non-inter-level travel time spent in this place.
 C = Inter-level travel time spent in this place.
 D = Time resting spent in this place.
 E = Time spent auto-exploring this place.
 F = Levels seen in this place.
 G = Mean time per level.
                   A        B        C        D        E       F      G
               +--------+--------+--------+--------+--------+-----+--------+
         Total |   7618 |   7390 |    228 |    159 |   4220 |  11 |  692.5 |
       Dungeon |   7513 |   7285 |    228 |    159 |   4205 |  10 |  751.3 |
         Sewer |    104 |    104 |      0 |      0 |     14 |   1 |  104.0 |
               +--------+--------+--------+--------+--------+-----+--------+

Top non-repeatable levels by time:
     D:9: 969 daAuts
     D:4: 838 daAuts
     D:2: 835 daAuts
     D:8: 794 daAuts
     D:7: 793 daAuts
     D:1: 752 daAuts
     D:6: 674 daAuts
     D:3: 659 daAuts
     D:5: 605 daAuts
    D:10: 591 daAuts
   Sewer: 104 daAuts
